 Dungeon Crawl Stone Soup version 0.19-a0-1311-gdcfd90a (webtiles) character file.

889 Expote the Shield-Bearer (level 7, -4/55 HPs)
             Began as a Demonspawn Fighter on Aug 31, 2016.
             Was a Follower of Uskayaw.
             Slain by a hell rat (12 damage)
             ... on level 6 of the Dungeon.
             The game lasted 00:30:54 (4660 turns).

Expote the Shield-Bearer (Demonspawn Fighter)       Turns: 4660, Time: 00:30:54

Health: -4/55      AC: 10    Str: 18    XL:     7   Next: 77%
Magic:  7/7        EV:  8    Int: 10    God:    Uskayaw [*.....]
Gold:   292        SH:  9    Dex: 12    Spells: 0 memorised, 6 levels left

rFire  . . .     SeeInvis .     a - +0 long sword
rCold  . . .     Gourm    .     b - +0 scale mail
rNeg   . . .     Faith    +     c - +0 shield
rPois  .         Spirit   .     (no helmet)
rElec  .         Dismiss  .     (no cloak)
rCorr  +         Reflect  .     (no gloves)
MR     .....     Harm     .     (no boots)
Stlth  ..........               s - amulet of faith
                                l - ring of flight
                                B - ring of resist corrosion

@: drained
A: yellow scales 2, demonic guardian 1, powered by death 1
a: Stomp, Renounce Religion, Evoke Flight


You were on level 6 of the Dungeon.
You worshipped Uskayaw.
Uskayaw was noncommittal.
You were not hungry.

You visited 1 branch of the dungeon, and saw 6 of its levels.

You collected 292 gold pieces.

Inventory:

Hand Weapons
 a - a +0 long sword (weapon)
Missiles
 o - 7 silver javelins
 z - 158 stones
 D - a tomahawk (quivered)
Armour
 b - a +0 scale mail (worn)
 c - a +0 shield (worn)
Jewellery
 g - a +4 ring of intelligence
 l - a ring of flight (right hand)
 s - an amulet of faith (around neck)
 B - a ring of resist corrosion (left hand)
Scrolls
 e - 3 scrolls of remove curse
 k - 4 scrolls of amnesia {unknown}
 m - 4 scrolls of identify {unknown}
 q - 2 scrolls of blinking
 v - a scroll of teleportation {unknown}
 y - 2 scrolls of fear {unknown}
 G - a scroll of magic mapping {unknown}
Potions
 d - a potion of might
 h - 2 potions of heal wounds {unknown}
 n - a potion of degeneration {unknown}
 p - 2 potions of ambrosia {unknown}
 t - 2 potions of invisibility {unknown}
 u - 3 potions of flight {unknown}
 w - a potion of haste {unknown}
 x - 3 potions of beneficial mutation {unknown}
 A - a potion of brilliance {unknown}
 E - 2 potions of lignification {unknown}
Comestibles
 f - 6 bread rations
 i - 3 chunks of flesh
 j - 2 meat rations
 r - 6 fruits
 C - a beef jerky
 F - a royal jelly


   Skills:
 + Level 4.4(3.7) Fighting
 + Level 3.6(2.9) Long Blades
 + Level 0.8(0.2) Throwing
 + Level 4.5(3.8) Armour
 + Level 2.8(2.1) Dodging
 + Level 2.0(1.4) Stealth
 + Level 4.7(4.0) Shields


You had 6 spell levels left.
You didn't know any spells.

Dungeon Overview and Level Annotations

Branches:
Dungeon (5/15)             Temple (0/1) D:4

Altars:
Ashenzari
Dithmenos
Hepliaklqana
Nemelex Xobeh
Uskayaw

Shops:
D:5 %


Innate Abilities, Weirdness & Mutations

You are mostly covered in yellow scales. (AC +3)
A weak demonic guardian rushes to your aid.
You regenerate a little health from kills.


Message History

The hell rat is almost dead.
The hell rat closely misses you.
You barely miss the hell rat.
The hell rat is almost dead.
You block the hell rat's attack. The hell rat bites you.
You closely miss the hell rat.
The hell rat is almost dead.
The hell rat bites you!
* * * LOW HITPOINT WARNING * * *
You feel drained.
* * * LOW HITPOINT WARNING * * *
You can no longer pass through a line of other dancers.
Throwing (i - inventory. (,) - cycle):
D - 2 tomahawks (quivered)
Press: ? - help, Shift-Dir - straight line, f/p - hell rat
Aim: a hell rat (almost dead)
You throw a tomahawk.
The tomahawk hits the hell rat but does no damage.
The hell rat is almost dead.
The hell rat barely misses you. The hell rat bites you!
You die...

.##### #..#.###....#
...#.#######.##..#..##
###.#..##.÷.÷..######
#####..###...##
#####†..#.# #..###.##
#.## ##.# ##.# #.##
#..####@# ##.#..r##
#.###.# #.


#rr #. rr.$ .. ...# #. ...# ..# $## You could see a hell rat.

Vanquished Creatures
  Eustachio (D:4)
  The ghost of spawnfightdierepeat the Shield-Bearer, an amateur FoFi (D:3)
  An ogre (D:4)
  A giant frog (D:6)
  A scorpion (D:6)
  A hound (D:4)
  2 orc wizards
  A centaur skeleton (D:5)
  5 worker ants
  Robin (D:4)
  5 adders
  A howler monkey skeleton (D:4)
  5 river rats (D:6)
  2 worms (D:2)
  A dart slug (D:2)
  8 giant geckos
  15 orcs (D:3)
  9 bats
  4 giant cockroaches
  10 hobgoblins
  9 jackals
  4 giant newts
  19 goblins
  8 kobolds
  22 rats
137 creatures vanquished.

Vanquished Creatures (collateral kills)
  A howler monkey (D:4)
  4 orcs (D:4)
5 creatures vanquished.

Grand Total: 142 creatures vanquished

Notes
Turn   | Place    | Note
-------+----------+-------------------------------------------
     0 | D:1      | Expote the Demonspawn Fighter began the quest for the Orb.
     0 | D:1      | Reached XP level 1. HP: 18/18 MP: 1/1
   229 | D:1      | Gained mutation: You regenerate a little health from kills. [demonic ancestry]
   229 | D:1      | Reached XP level 2. HP: 24/24 MP: 2/2
   646 | D:2      | Found a hazy altar of Hepliaklqana.
   846 | D:2      | Reached XP level 3. HP: 18/29 MP: 3/3
  1105 | D:2      | Found a hide-covered altar of Uskayaw.
  1113 | D:2      | Became a worshipper of Uskayaw the Reveler
  1245 | D:2      | Reached * piety under Uskayaw
  1370 | D:2      | Reached ** piety under Uskayaw
  1961 | D:3      | Gained mutation: A weak demonic guardian rushes to your aid. [demonic ancestry]
  1961 | D:3      | Reached XP level 4. HP: 34/35 MP: 1/4
  2021 | D:3      | Found a shattered altar of Ashenzari.
  2477 | D:3      | Noticed spawnfightdierepeat's ghost (amateur FoFi)
  2484 | D:2      | Found a shadowy altar of Dithmenos.
  2519 | D:3      | Killed spawnfightdierepeat's ghost
  2519 | D:3      | Reached skill level 1 in Dodging
  2519 | D:3      | Reached XP level 5. HP: 21/41 MP: 5/5
  3001 | D:3      | Found a shadowy altar of Dithmenos.
  3221 | D:4      | Found a staircase to the Ecumenical Temple.
  3226 | D:4      | Reached *** piety under Uskayaw
  3227 | D:4      | Gained mutation: You are partially covered in yellow scales. (AC +2) [demonic ancestry]
  3227 | D:4      | Reached XP level 6. HP: 40/48 MP: 6/6
  3230 | D:4      | Reached **** piety under Uskayaw
  3565 | D:4      | Noticed Robin
  3568 | D:4      | Killed Robin
  3887 | D:4      | Noticed Eustachio
  3904 | D:4      | Reached skill level 1 in Stealth
  3915 | D:4      | Killed Eustachio
  3915 | D:4      | Gained mutation: You are mostly covered in yellow scales. (AC +3) [demonic ancestry]
  3915 | D:4      | Reached XP level 7. HP: 48/54 MP: 7/7
  3915 | D:4      | Reached ***** piety under Uskayaw
  4202 | D:5      | Entered Level 5 of the Dungeon
  4256 | D:5      | Found a sparkling altar of Nemelex Xobeh.
  4311 | D:5      | Found Oxkaemer's Food Shoppe.
  4379 | D:5      | You fall through a shaft!
  4660 | D:6      | Slain by a hell rat

Vault maps used:
D:1:      scummos_arrival_star
D:2:      lemuel_coloured_pillars_altar, nicolae_overflow_hidden_temple,
          dk_vineyard_1
D:3:      nicolae_overflow_crystal_walls, first_bread,
          nicolae_dithmenos_shadow_blocks
D:4:      kennysheep_goblin_castle, grunt_ministairs_11, uniq_eustachio
D:5:      nemelex_altar_shiori, serial_shops, nicolae_shop_window_shopping
D:6:      lemuel_ratsnest, uniq_crazy_yiuf_cottage

Skill      XL: |  1  2  3  4  5  6  7 |
---------------+----------------------+-----
Shields        | 3 4 |  4.7
Armour         | 3 4 |  4.5
Long Blades    | 2 3 |  3.6
Dodging        | 1 2 |  2.8
Fighting       | 4 |  4.4
Stealth        | 1 2 |  2.0
Throwing       | |  0.8

Action                   |  1- 3 |  4- 6 |  7- 9 || total
-------------------------+-------+-------+-------++-------
Melee: Long sword        |   179 |   246 |   136 ||   561
Throw: Javelin           |       |     5 |       ||     5
       Tomahawk          |       |       |     4 ||     4
Invok: Stomp             |     1 |     4 |     1 ||     6
       Line Pass         |       |       |     1 ||     1
  Use: Scroll            |     2 |       |       ||     2
 Stab: Paralysed         |       |     6 |     2 ||     8
  Eat: Chunk             |     4 |     6 |     3 ||    13
       Beef jerky        |       |     1 |       ||     1
Armor: Scale mail        |    72 |   107 |    30 ||   209
Dodge: Dodged            |    43 |    65 |    43 ||   151
Block: Shield            |    82 |   111 |    57 ||   250
